 Dungeon Crawl Stone Soup version 0.31.0-11-ge490571c62 (webtiles) character file.

Game seed: 16328269637689796046

54 Gadfly the Ruffian (level 3, -1/26 HPs)
             Began as a Demonspawn Shapeshifter on Jan 27, 2024.
             Slain by an orc priest
             ... wielding a +0 dagger
              (3 damage)
             ... on level 2 of the Dungeon.
             The game lasted 00:02:35 (1865 turns).

Gadfly the Ruffian (Demonspawn Shapeshifter)        Turns: 1865, Time: 00:02:36

Health: -1/26      AC:  3    Str: 16    XL:     3   Next: 66%
Magic:  3/3        EV: 12    Int: 12    God:
Gold:   1037       SH:  4    Dex: 12    Spells: 2/2 levels left

rFire   . .          .
                       - Unarmed
rCold   . . .        (no shield)
rNeg    + . .        a - +1 animal skin
rPois   .            (helmet currently unavailable)
rElec   .            (cloak currently unavailable)
rCorr   +            (gloves currently unavailable)
SInv    .            (boots currently unavailable)
Will    .....        (no amulet)
Stlth   +            e - ring "Ilobu" {rCorr Int+2}
HPRegen 0.24/turn    j - ring of positive energy
MPRegen 0.08/turn

%: no passive effects
@: beast-form
A: beast (slay +1), large bone plates 1
a: Begin Untransformation


You were on level 2 of the Dungeon.
You were a hulking beast.
You visited 1 branch of the dungeon, and saw 2 of its levels.

You collected 1239 gold pieces.
You spent 202 gold pieces at shops.

Inventory:

Armour
 a - a +1 animal skin (worn)
Jewellery
 e - the ring "Ilobu" (left hand) {rCorr Int+2}
   (You bought it in a shop on level 1 of the Dungeon)

   [ring of resist corrosion]

   Int+2:     It affects your intelligence (+2).
   rCorr:     It protects you from acid and corrosion.
 h - a ring of positive energy
 j - a ring of positive energy (right hand)
Talismans
 c - a beast talisman
 d - a flux talisman
Scrolls
 f - 2 scrolls of enchant armour
 g - a scroll of identify {unknown}
Potions
 b - a potion of lignification


   Skills:
 + Level 1.6 Fighting
 * Level 2.3 Dodging
 + Level 3.0 Unarmed Combat
 * Level 1.5 Evocations
 + Level 2.9 Shapeshifting


You had 2 spell levels left.
You didn't know any spells.
Your spell library contained the following spells:

 Spells                   Type           Power      Damage    Failure   Level
 Necrotise                Necr           0%         1d4       32%         1
 Call Imp                 Summ           0%         N/A       45%         2
 Sublimation of Blood     Necr           0%         N/A       45%         2
 Call Canine Familiar     Summ           0%         N/A       69%         3
 Sigil of Binding         Hex            0%         N/A       69%         3
 Vampiric Draining        Necr           0%         2d6       69%         3
 Dimensional Bullseye     Hex/Tloc       0%         N/A       97%         4
 Martyr's Knell           Necr/Summ      0%         N/A       97%         4
 Curse of Agony           Necr           0%         N/A       100%        5
 Summon Hydra             Summ           0%         N/A       100%        7


Dungeon Overview and Level Annotations

Branches:
Dungeon (2/15)

Altars:

Shops:
D:1 *


Innate Abilities, Weirdness & Mutations

You are a hulking beast.
Your limbs bulge with bestial killing power. (Slay +1)
You are partially covered in large bone plates. (SH +4)


Message History

The orc priest calls upon Beogh to heal the orc.
The orc's wounds heal themselves!
It was a potion of cancellation.
Your magical effects are unravelling.
You feel magically purged.
You float gracefully downwards.
Your enlightenment fades.
The orc priest misses you.
You hit the orc priest but do no damage.
The orc priest is heavily wounded.
The orc priest barely misses you.
You hit the orc priest but do no damage.
The orc priest is heavily wounded.
The orc priest miscasts a cantrip.
You hit the orc priest.
The orc priest is severely wounded.
The orc priest hits you but does no damage.
You closely miss the orc priest.
The orc priest is severely wounded.
The orc priest closely misses you.
You closely miss the orc priest.
The orc priest is severely wounded.
The orc priest hits you with a +0 dagger.
* * * LOW HITPOINT WARNING * * *
You hit the orc priest.
The orc priest is almost dead.
The orc priest barely misses you.
You completely miss the orc priest.
The orc priest is almost dead.
The orc priest casts a cantrip, but nothing happens.
You hit the orc priest but do no damage.
The orc priest is almost dead.
The orc priest hits you with a +0 dagger.
* * * LOW HITPOINT WARNING * * *
You hit the orc priest but do no damage.
The orc priest is almost dead.
The orc priest hits you but does no damage.
You hit the orc priest but do no damage.
The orc priest is almost dead.
The orc priest hits you with a +0 dagger.
You die...

.###.#.# ###.####...##.##........
..##.#.# #....)..................
.......# #.######...)#.##########
....#..# #.##...........##*######
......## #.##.###................
.....## ##.##.# ##......#####.###
<#.### #...#.# #....### #.# ##.##
##...#.####....# #.#
#...####........hoo...# #.#
.....##..#########....#######.###
......#.##*........†.............
........#*,.8...8..#..######.####
........#,,...........# #.#
.....#..#⌠.........#*.# #.#
#...###.#$..........*.# #.# #.#.#
#.##..8...8...,,# #.# #.#.#
#.#*#.........*** #.#


You could see an orc priest and an orc.

Vanquished Creatures
  2 adders (D:2)
  An orc (D:2)
  2 ball pythons
  4 endoplasms
  2 giant cockroaches (D:2)
  4 goblins
  4 hobgoblins
  3 quokkas
  4 bats
  3 frilled lizards
  2 kobolds (D:2)
31 creatures vanquished.

Notes
Turn   | Place    | Note
-------+----------+-------------------------------------------
     0 | D:1      | Gadfly the Demonspawn Shapeshifter began the quest for the
                  | Orb.
     0 | D:1      | Reached XP level 1. HP: 15/15 MP: 1/1
   326 | D:1      | Found Waucog's Assorted Antiques.
   338 | D:1      | Identified a scroll of acquirement
   338 | D:1      | Acquired 1086 gold pieces
   340 | D:1      | Bought a scroll labelled PYSOCIECZI for 23 gold pieces
   340 | D:1      | Bought 2 bubbling dark potions for 41 gold pieces
   340 | D:1      | Bought a scroll labelled NUGEENU YQEROB for 23 gold pieces
   342 | D:1      | Bought a steaming brass ring for 115 gold pieces
   342 | D:1      | Identified the ring "Ilobu" {rCorr Int+2} (You bought it in
                  | a shop on level 1 of the Dungeon)
   705 | D:1      | Gained mutation: You are partially covered in large bone
                  | plates. (SH +4) [demonic ancestry]
   705 | D:1      | Reached XP level 2. HP: 14/21 MP: 2/2
  1015 | D:2      | Reached skill level 1 in Evocations
  1196 | D:2      | Reached XP level 3. HP: 15/26 MP: 3/3
  1291 | D:2      | Reached skill level 3 in Unarmed Combat
  1850 | D:2      | HP: 1/26 [orc priest/divine providence (12)]
  1865 | D:2      | Slain by an orc priest

Illustrated notes

Levels and vault maps discovered:
D:1:      wander_arrival_lonely_grave, layout_loops_ring, serial_shops, shop
D:2:      cheibrodos_pilgrimage, layout_loops_ring,
          corexii_item_surrounded_by_moat, minmay_rat_gold_closets

Skill      XL: |  1  2  3 |
---------------+----------+-----
Dodging        | 2 |  2.3
Evocations     | 1 |  1.5
Unarmed Combat | 3 |  3.0
Fighting       | |  1.6
Shapeshifting  | |  2.9

Action                     || total
---------------------------++-------
  Melee: Unarmed           ||   130
    Use: Scroll            ||     8
         Potion            ||     4
   Stab: Sleeping          ||     1
 Armour: Animal skin       ||    75
  Dodge: Dodged            ||    82
  Block: Other             ||    16
